 Dungeon Crawl Stone Soup version 0.19.0-22-gd96e5fe (webtiles) character file.

45 mmcf the Shield-Bearer (level 3, -5/30 HPs)
             Began as a Formicid Fighter on Nov 19, 2016.
             Slain by a bullfrog (6 damage)
             ... on level 6 of the Dungeon.
             The game lasted 00:03:47 (1551 turns).

mmcf the Shield-Bearer (Formicid Fighter)           Turns: 1551, Time: 00:03:48

Health: -5/30      AC:  9    Str: 20    XL:     3   Next: 90%
Magic:  3/3        EV:  8    Int:  7    God:
Gold:   96         SH:  9    Dex: 11    Spells: 0 memorised, 2 levels left

rFire  . . .     SeeInvis +     a - +0 war axe
rCold  . . .     Gourm    .     b - +0 scale mail
rNeg   . . .     Faith    .     c - +0 shield
rPois  .         Spirit   .     (helmet unavailable)
rElec  .         Reflect  .     (no cloak)
rCorr  .         Harm     .     s - +0 pair of gloves
MR     .....                    e - +0 pair of boots
Stlth  ..........               (no amulet)
                                (no ring)
                                (no ring)

@: no status effects
A: permanent stasis, dig shafts and tunnels, four strong arms, antennae 3
a: Dig, Shaft Self


You were on level 6 of the Dungeon.
You were very hungry.

You visited 1 branch of the dungeon, and saw 5 of its levels.

You collected 96 gold pieces.

Inventory:

Hand Weapons
 a - a +0 war axe (weapon)
 w - a +0 hunting sling
Missiles
 y - 15 stones (quivered)
Armour
 b - a +0 scale mail (worn)
 c - a +0 shield (worn)
 e - a +0 pair of boots (worn)
 l - a +0 chain mail
 s - a +0 pair of gloves (worn)
 x - a +0 buckler
Jewellery
 q - an uncursed ring of fire
 r - an uncursed ring of fire
Scrolls
 i - 2 scrolls of identify {unknown}
 n - a scroll of random uselessness {unknown}
 u - a scroll of enchant armour {unknown}
 v - a scroll of blinking {unknown}
Potions
 d - a potion of might
 g - a potion of flight {unknown}
 j - a potion of curing
 o - a potion of cancellation {unknown}
 p - a potion of lignification {unknown}
 z - a potion of heal wounds {unknown}
Books
 t - a book of Frost

   Spells                             Type                      Level
   a - Freeze                         Ice                          1
   b - Throw Frost                    Conjuration/Ice              2
   c - Ozocubu's Armour               Charms/Ice                   3
   d - Throw Icicle                   Conjuration/Ice              4
   e - Summon Ice Beast               Ice/Summoning                4
Comestibles
 f - 3 bread rations
 h - a meat ration
 k - a chunk of flesh
 m - a slice of pizza


   Skills:
 + Level 4.0 Fighting
 + Level 2.8 Axes
 - Level 3.2 Armour
 + Level 4.1 Shields


You had 2 spell levels left.
You didn't know any spells.

Dungeon Overview and Level Annotations

Branches:
Dungeon (4/15)
 Temple: D:4-7

Altars:

Annotations:
D:2 1 runed door


Innate Abilities, Weirdness & Mutations

You are under a permanent stasis effect.
You can dig through walls and to a lower floor.
Your four strong arms can wield two-handed weapons with a shield.
You have a pair of large antennae on your head. (SInv)


Message History

The bullfrog hits you.
* * * LOW HITPOINT WARNING * * *
The bullfrog hits you.
* * * LOW HITPOINT WARNING * * *
Unknown command.
You barely miss the bullfrog.
The bullfrog is moderately wounded.
The bullfrog hits you but does no damage. x2
You block the bullfrog's attack.
You closely miss the bullfrog.
The bullfrog is moderately wounded.
The bullfrog barely misses you. x2
You slash the bullfrog!
The bullfrog is severely wounded.
You block the bullfrog's attack.
The bullfrog hits you but does no damage.
You closely miss the bullfrog.
The bullfrog is severely wounded.
The bullfrog hits you.
You die...

#######
##.....##
##.......##
#.........#
#>........#
#....@....#
#.....F......
..$..........##
..##.......#.#
. ......<....#
#...........#
##.$........##
#.....![...#


You could see a bullfrog.

Vanquished Creatures
  An adder (D:2)
  A worm (D:2)
  A leopard gecko (D:1)
  A ball python (D:3)
  3 giant cockroaches
  5 hobgoblins
  2 kobolds
  A quokka (D:2)
  5 bats
  2 frilled lizards
  5 goblins
  3 rats
30 creatures vanquished.

Notes
Turn   | Place    | Note
-------+----------+-------------------------------------------
     0 | D:1      | mmcf the Formicid Fighter began the quest for the Orb.
     0 | D:1      | Reached XP level 1. HP: 18/18 MP: 1/1
    42 | D:2      | Found a faded altar of an unknown god.
   460 | D:2      | Reached XP level 2. HP: 24/24 MP: 2/2
  1095 | D:2      | Reached XP level 3. HP: 25/29 MP: 3/3
  1168 | D:2      | Found a runed door.
  1521 | D:2      | You fall through a shaft!
  1542 | D:4      | You fall through a shaft for 2 floors!
  1542 | D:6      | Noticed a bullfrog
  1547 | D:6      | HP: 1/30 [bullfrog (5)]
  1551 | D:6      | Slain by a bullfrog

Skill      XL: |  1  2  3 |
---------------+----------+-----
Shields        | 4 |  4.1
Fighting       | 4 |  4.0
Axes           | |  2.8
Armour         | |  3.2

Action                   || total
-------------------------++-------
Melee: War axe           ||   157
 Abil: Shaft Self        ||     2
  Use: Potion            ||     2
  Eat: Chunk             ||     2
Armor: Scale mail        ||    82
Dodge: Dodged            ||    60
Block: Shield            ||   101
